PAAA
BAKERSFIELD NOBLES @ JERSEY CITY TRITONS
09/16/2041
 
TOP OF THE 1ST
Bakersfield Nobles batting - Pitching for Jersey City Tritons : RHP Dou-guan Shao
Pitching: RHP Dou-guan Shao
Batting: LHB Chris Fitzgerald 0-0: Swinging Strike
0-1: Called Strike
0-2: Strikes out swinging
Batting: SHB Willie McGirt 0-0: Called Strike
0-1: Called Strike
0-2: Ball
1-2: Strikes out swinging
Batting: SHB Marc Cadiou 0-0: Foul Ball, location: 2F
0-1: Called Strike
0-2: Ball
1-2: Fly out, F7 (Flyball, 7LM, EV 80.0 MPH)
Top of the 1st over - 0 runs, 0 hits, 0 errors, 0 left on base; Bakersfield 0 - Jersey City 0
BOTTOM OF THE 1ST
Jersey City Tritons batting - Pitching for Bakersfield Nobles : RHP Carlos Vargas
Pitching: RHP Carlos Vargas
Batting: RHB Santiago Valentín 0-0: Ball
1-0: Ball
2-0: Called Strike
2-1: Ball
3-1: Called Strike
3-2: SINGLE (Groundball, 56D, EV 99.4 MPH)
Batting: LHB Bud Randall 0-0: Ball
1-0: Fly out, F5 (Popup, 56, EV 61.9 MPH)
Batting: RHB Alfredo Valdéz 0-0: Ball
1-0: Fly out, F8 (Flyball, 89S, EV 90.0 MPH)
Batting: RHB Mauro Jasso 0-0: Called Strike
0-1: Ball
1-1: Swinging Strike
1-2: SINGLE (Groundball, 56D, EV 101.9 MPH)
Santiago Valentín to second
Santiago Valentín to third
Batting: LHB Steve Whitehead 0-0: Ground out 2-3 (Groundball, 13S, EV 67.5 MPH)
Bottom of the 1st over - 0 runs, 2 hits, 0 errors, 2 left on base; Bakersfield 0 - Jersey City 0
TOP OF THE 2ND
Bakersfield Nobles batting - Pitching for Jersey City Tritons : RHP Dou-guan Shao
Batting: RHB Tyler Bowen 0-0: Called Strike
0-1: Foul Ball, location: 2F
0-2: Fly out, F8 (Flyball, 89S, EV 90.6 MPH)
Batting: LHB Bharti Mona 0-0: Ball
1-0: Ball
2-0: Ball
3-0: Called Strike
3-1: Called Strike
3-2: Strikes out swinging
Batting: RHB Omer Yurtseven 0-0: Ball
1-0: Called Strike
1-1: Called Strike
1-2: Foul Ball, location: 2F
1-2: Ball
2-2: Fly out, F8 (Flyball, 89S, EV 88.8 MPH)
Top of the 2nd over - 0 runs, 0 hits, 0 errors, 0 left on base; Bakersfield 0 - Jersey City 0
BOTTOM OF THE 2ND
Jersey City Tritons batting - Pitching for Bakersfield Nobles : RHP Carlos Vargas
Batting: RHB José García 0-0: Swinging Strike
0-1: Ball
1-1: Called Strike
1-2: Foul Ball, location: 2F
1-2: Strikes out swinging
Batting: RHB Omar Krutsinger 0-0: Ball
1-0: DOUBLE (Line Drive, 9LS, EV 91.9 MPH)
Batting: RHB Sun-jae Kwak 0-0: Swinging Strike
0-1: Swinging Strike
0-2: Strikes out swinging
Batting: RHB Jaime Montés 0-0: Swinging Strike
0-1: SINGLE (Line Drive, 3D, EV 108.1 MPH)
Omar Krutsinger to third
Batting: RHB Santiago Valentín 0-0: Foul Ball, location: 2F
0-1: Ball
1-1: Foul Ball, location: 2F
1-2: Ball
Jaime Montés steals 2nd base
2-2: Foul Ball, location: 2F
2-2: Strikes out swinging
Bottom of the 2nd over - 0 runs, 2 hits, 0 errors, 2 left on base; Bakersfield 0 - Jersey City 0
TOP OF THE 3RD
Bakersfield Nobles batting - Pitching for Jersey City Tritons : RHP Dou-guan Shao
Batting: SHB Jason Graham 0-0: Ground out 1-3 (Groundball, 34S, EV 85.0 MPH)
Batting: RHB Asbel Kiprop 0-0: Ball
1-0: Ball
2-0: Ball
3-0: Base on Balls
Batting: RHB Carlos Miranda 0-0: Ball
1-0: Fly out, F7 (Flyball, 7D, EV 90.0 MPH)
Batting: LHB Chris Fitzgerald 0-0: Ball
Asbel Kiprop is caught stealing 2nd base 2-6
Top of the 3rd over - 0 runs, 0 hits, 0 errors, 0 left on base; Bakersfield 0 - Jersey City 0
BOTTOM OF THE 3RD
Jersey City Tritons batting - Pitching for Bakersfield Nobles : RHP Carlos Vargas
Batting: LHB Bud Randall 0-0: Ball
1-0: Ball
2-0: Called Strike
2-1: Bunted foul
2-2: Ball
3-2: Ground out 4-3 (Groundball, 4, EV 88.8 MPH)
Batting: RHB Alfredo Valdéz 0-0: Called Strike
0-1: Ball
1-1: Ball
2-1: DOUBLE (Line Drive, 78XD, EV 108.1 MPH)
Batting: RHB Mauro Jasso 0-0: Ball
1-0: Ball
2-0: Ground out 1-3 (Groundball, 15S, EV 73.1 MPH)
Batting: LHB Steve Whitehead 0-0: Ball
1-0: Swinging Strike
1-1: Foul Ball, location: 2F
1-2: Ball
2-2: Foul Ball, location: 2F
2-2: Foul Ball, location: 2F
2-2: Fly out, F5 (Popup, 5S, EV 89.4 MPH)
Bottom of the 3rd over - 0 runs, 1 hit, 0 errors, 1 left on base; Bakersfield 0 - Jersey City 0
TOP OF THE 4TH
Bakersfield Nobles batting - Pitching for Jersey City Tritons : RHP Dou-guan Shao
Batting: LHB Chris Fitzgerald 0-0: Ball
1-0: Ground out 4-3 (Groundball, 4, EV 81.9 MPH)
Batting: SHB Willie McGirt 0-0: Ball
1-0: Ball
2-0: Foul Ball, location: 2F
2-1: Foul Ball, location: 2F
2-2: Ball
3-2: Foul Ball, location: 2F
3-2: SOLO HOME RUN (Flyball, 9D, EV 103.8 MPH), Distance : 369 ft
Batting: SHB Marc Cadiou 0-0: Ball
1-0: Ball
2-0: Swinging Strike
2-1: Ball
3-1: Fly out, F7 (Flyball, 78S, EV 88.1 MPH)
Batting: RHB Tyler Bowen 0-0: Called Strike
0-1: Foul Ball, location: 2F
0-2: Ball
1-2: SINGLE (Line Drive, 78S, EV 109.4 MPH)
Batting: LHB Bharti Mona 0-0: SINGLE (Line Drive, 89M, EV 100.6 MPH)
Tyler Bowen to second
Batting: RHB Omer Yurtseven 0-0: Called Strike
0-1: Fly out, F7 (Flyball, 78M, EV 88.1 MPH)
Top of the 4th over - 1 run, 3 hits, 0 errors, 2 left on base; Bakersfield 1 - Jersey City 0
BOTTOM OF THE 4TH
Jersey City Tritons batting - Pitching for Bakersfield Nobles : RHP Carlos Vargas
Batting: RHB José García 0-0: Ball
1-0: DOUBLE (Line Drive, 7LM, EV 110.0 MPH)
Batting: RHB Omar Krutsinger 0-0: Fly out, F8 (Line Drive, 8RD, EV 100.6 MPH)
Runner from 2nd tags up, OUT at 3rd! 8-5
Batting: RHB Sun-jae Kwak 0-0: Ball
1-0: Ball
2-0: Ball
3-0: Base on Balls
Batting: RHB Jaime Montés Pickoff Throw to First - Out! 1-3
Bottom of the 4th over - 0 runs, 1 hit, 0 errors, 0 left on base; Bakersfield 1 - Jersey City 0
TOP OF THE 5TH
Bakersfield Nobles batting - Pitching for Jersey City Tritons : RHP Dou-guan Shao
Batting: SHB Jason Graham 0-0: Called Strike
0-1: Fly out, F6 (Popup, 6S, EV 61.9 MPH)
Batting: RHB Asbel Kiprop 0-0: Called Strike
0-1: Called Strike
0-2: Ball
1-2: Fly out, F9 (Flyball, 9, EV 93.1 MPH)
Batting: RHB Carlos Miranda 0-0: Ball
1-0: Foul Ball, location: 2F
1-1: Called Strike
1-2: Ball
2-2: Ground out U3 (Groundball, 34, EV 91.2 MPH)
Top of the 5th over - 0 runs, 0 hits, 0 errors, 0 left on base; Bakersfield 1 - Jersey City 0
BOTTOM OF THE 5TH
Jersey City Tritons batting - Pitching for Bakersfield Nobles : RHP Carlos Vargas
Batting: RHB Jaime Montés 0-0: Ball
1-0: Called Strike
1-1: SINGLE (Line Drive, 7LS, EV 102.5 MPH)
Batting: RHB Santiago Valentín 0-0: Ball
1-0: Bunted foul
1-1: Sac Bunt to 3S - play at first, batter OUT! 3-1
Jaime Montés to second
Batting: LHB Bud Randall 0-0: Ball
1-0: Ground out 4-3 (Groundball, 4, EV 85.6 MPH)
Jaime Montés to third
Batting: RHB Alfredo Valdéz 0-0: Called Strike
0-1: Called Strike
0-2: Ball
1-2: Foul Ball, location: 2F
1-2: Strikes out looking
Bottom of the 5th over - 0 runs, 1 hit, 0 errors, 1 left on base; Bakersfield 1 - Jersey City 0
TOP OF THE 6TH
Bakersfield Nobles batting - Pitching for Jersey City Tritons : RHP Dou-guan Shao
Batting: LHB Chris Fitzgerald 0-0: DOUBLE (Line Drive, 78D, EV 101.2 MPH)
Batting: SHB Willie McGirt 0-0: Intentional Walk
Batting: SHB Marc Cadiou 0-0: Swinging Strike
0-1: Ball
1-1: Foul Ball, location: 2F
1-2: Strikes out swinging
Batting: RHB Tyler Bowen 0-0: Swinging Strike
0-1: Fly out, F4 (Popup, 4, EV 74.4 MPH)
Batting: LHB Bharti Mona 0-0: Ball
1-0: Ball
2-0: Foul Ball, location: 2F
2-1: Ground out 1-3 (Groundball, 34S, EV 67.5 MPH)
Top of the 6th over - 0 runs, 1 hit, 0 errors, 2 left on base; Bakersfield 1 - Jersey City 0
BOTTOM OF THE 6TH
Jersey City Tritons batting - Pitching for Bakersfield Nobles : RHP Carlos Vargas
Batting: RHB Mauro Jasso 0-0: Ball
1-0: Ball
2-0: Foul Ball, location: 2F
2-1: Ball
3-1: Foul Ball, location: 2F
3-2: Ground out 6-3 (Groundball, 6, EV 82.5 MPH)
Batting: LHB Steve Whitehead 0-0: Swinging Strike
0-1: Swinging Strike
0-2: Ball
1-2: Strikes out swinging
Batting: RHB José García 0-0: Swinging Strike
0-1: Ball
1-1: Ball
2-1: Ground out U3 (Groundball, 34, EV 96.2 MPH)
Bottom of the 6th over - 0 runs, 0 hits, 0 errors, 0 left on base; Bakersfield 1 - Jersey City 0
TOP OF THE 7TH
Bakersfield Nobles batting - Pitching for Jersey City Tritons : RHP Dou-guan Shao
Batting: RHB Omer Yurtseven 0-0: Ball
1-0: Ball
2-0: Ground out U3 (Groundball, 3S, EV 86.9 MPH)
Batting: SHB Jason Graham 0-0: Ball
1-0: Ball
2-0: Ball
3-0: Called Strike
3-1: SINGLE (Groundball, 4MD, EV 106.9 MPH)
Batting: RHB Asbel Kiprop 0-0: Ball
1-0: Called Strike
1-1: Ball
2-1: Fly out, F7 (Flyball, 7, EV 83.8 MPH)
Batting: RHB Carlos Miranda 0-0: Called Strike
0-1: Fielders Choice at 2nd, 6-4 (Groundball, 6, EV 89.4 MPH)
Top of the 7th over - 0 runs, 1 hit, 0 errors, 1 left on base; Bakersfield 1 - Jersey City 0
BOTTOM OF THE 7TH
Jersey City Tritons batting - Pitching for Bakersfield Nobles : RHP Carlos Vargas
Pitching: RHP Turner Shamburger
Batting: RHB Omar Krutsinger 0-0: Ball
1-0: Fly out, F8 (Line Drive, 8RD, EV 91.2 MPH)
Pitching: RHP Kyung-soo Yun
Batting: RHB Sun-jae Kwak 0-0: Ball
1-0: Ball
2-0: Ball
3-0: Called Strike
3-1: Called Strike
3-2: Strikes out swinging
Batting: RHB Jaime Montés 0-0: Ball
1-0: Swinging Strike
1-1: Called Strike
1-2: DOUBLE (Line Drive, 7LM, EV 101.2 MPH)
Batting: RHB Santiago Valentín 0-0: Foul Ball, location: 2F
0-1: Foul Ball, location: 2F
0-2: Strikes out looking
Bottom of the 7th over - 0 runs, 1 hit, 0 errors, 1 left on base; Bakersfield 1 - Jersey City 0
TOP OF THE 8TH
Bakersfield Nobles batting - Pitching for Jersey City Tritons : RHP Dou-guan Shao
Batting: LHB Chris Fitzgerald 0-0: Called Strike
0-1: Foul Ball, location: 2F
0-2: Ball
1-2: Ground out U3 (Groundball, 3, EV 85.0 MPH)
Batting: SHB Willie McGirt 0-0: Ball
1-0: Swinging Strike
1-1: Ball
2-1: Ball
3-1: Base on Balls
Pitching: LHP Wayne Compton
Batting: SHB Marc Cadiou Pickoff Throw to First - Out! 1-3
0-0: Ball
1-0: SINGLE (Line Drive, 8LS, EV 87.5 MPH)
Batting: RHB Tyler Bowen 0-0: Called Strike
0-1: Swinging Strike
0-2: Ball
1-2: Foul Ball, location: 2F
1-2: Foul Ball, location: 2F
1-2: Strikes out swinging
Top of the 8th over - 0 runs, 1 hit, 0 errors, 1 left on base; Bakersfield 1 - Jersey City 0
BOTTOM OF THE 8TH
Jersey City Tritons batting - Pitching for Bakersfield Nobles : RHP Kyung-soo Yun
Batting: LHB Bud Randall 0-0: Fly out, F8 (Flyball, 8RM, EV 91.2 MPH)
Batting: RHB Alfredo Valdéz 0-0: Called Strike
0-1: SOLO HOME RUN (Flyball, 7D, EV 94.4 MPH), Distance : 366 ft
Batting: RHB Mauro Jasso 0-0: Ball
1-0: Called Strike
1-1: Ball
2-1: Called Strike
2-2: Foul Ball, location: 2F
2-2: TRIPLE (Flyball, 78XD, EV 109.4 MPH)
Batting: LHB Steve Whitehead 0-0: Intentional Walk
Batting: RHB José García 0-0: Ball
1-0: Called Strike
1-1: Foul Ball, location: 2F
1-2: Ball
2-2: Strikes out swinging
Batting: RHB Omar Krutsinger 0-0: Ball
1-0: Foul Ball, location: 2F
1-1: Called Strike
1-2: Ball
2-2: Foul Ball, location: 2F
2-2: Ball
3-2: Foul Ball, location: 2F
3-2: Foul Ball, location: 2F
3-2: Strikes out swinging
Bottom of the 8th over - 1 run, 2 hits, 0 errors, 2 left on base; Bakersfield 1 - Jersey City 1
TOP OF THE 9TH
Bakersfield Nobles batting - Pitching for Jersey City Tritons : LHP Wayne Compton
Batting: LHB Bharti Mona 0-0: Ball
1-0: Ball
2-0: Called Strike
2-1: Ball
3-1: Foul Ball, location: 2F
3-2: Base on Balls
Batting: RHB Omer Yurtseven 0-0: Fly out, F6 (Popup, 4MD, EV 51.2 MPH)
Batting: SHB Jason Graham 0-0: Ball
1-0: Fly out, F8 (Flyball, 8LM, EV 81.9 MPH)
Batting: RHB Asbel Kiprop 0-0: Ball
Bharti Mona is caught stealing 2nd base 2-4
Top of the 9th over - 0 runs, 0 hits, 0 errors, 0 left on base; Bakersfield 1 - Jersey City 1
BOTTOM OF THE 9TH
Jersey City Tritons batting - Pitching for Bakersfield Nobles : RHP Kyung-soo Yun
Batting: RHB Sun-jae Kwak 0-0: Foul Ball, location: 2F
0-1: Ground out 6-3 (Groundball, 6, EV 99.4 MPH)
Batting: RHB Jaime Montés 0-0: Ball
1-0: Called Strike
1-1: Ground out 4-3 (Groundball, 4, EV 103.1 MPH)
Batting: RHB Santiago Valentín 0-0: Called Strike
0-1: Ball
1-1: Called Strike
1-2: Ground out 5-3 (Groundball, 56, EV 86.9 MPH)
Bottom of the 9th over - 0 runs, 0 hits, 0 errors, 0 left on base; Bakersfield 1 - Jersey City 1
TOP OF THE 10TH
Bakersfield Nobles batting - Pitching for Jersey City Tritons : LHP Wayne Compton
Batting: RHB Asbel Kiprop 0-0: Ball
1-0: Ball
2-0: Foul Ball, location: 2F
2-1: Foul Ball, location: 2F
2-2: Ball
3-2: Ground out 6-3 (Groundball, 6, EV 88.8 MPH)
Pinch Hitting: RHB Rocky Moran 0-0: Called Strike
0-1: Ball
1-1: Ball
2-1: Ball
3-1: Base on Balls
Pinch Hitting: RHB Ryoichi Yoshida 0-0: Ball
1-0: Ball
2-0: Ball
3-0: Swinging Strike
3-1: Foul Ball, location: 2F
3-2: Strikes out swinging
Rocky Moran steals 2nd base
Batter strikes out.
Batting: SHB Willie McGirt 0-0: Intentional Walk
Batting: SHB Marc Cadiou 0-0: Ball
1-0: Ball
2-0: Ball
3-0: Base on Balls
Rocky Moran to third
Willie McGirt to second
Batting: RHB Tyler Bowen 0-0: Ball
1-0: Foul Ball, location: 2F
1-1: Foul Ball, location: 2F
1-2: Ball
2-2: Ground out 6-3 (Groundball, 6MD, EV 102.5 MPH)
Top of the 10th over - 0 runs, 0 hits, 0 errors, 3 left on base; Bakersfield 1 - Jersey City 1
BOTTOM OF THE 10TH
Jersey City Tritons batting - Pitching for Bakersfield Nobles : RHP Kyung-soo Yun
Now at 2B: Kevin de Bruyne
Now at 3B: Ryoichi Yoshida
Batting: LHB Bud Randall 0-0: Ball
1-0: Called Strike
1-1: Ball
2-1: Foul Ball, location: 2F
2-2: Fly out, F7 (Flyball, 7LM, EV 103.8 MPH)
Batting: RHB Alfredo Valdéz 0-0: Called Strike
0-1: Ball
1-1: Ball
2-1: Ball
3-1: Base on Balls
Pitching: LHP Pavle Simic
Batting: RHB Mauro Jasso 0-0: Called Strike
0-1: Fly out, F9 (Line Drive, 9D, EV 86.2 MPH)
Batting: LHB Steve Whitehead 0-0: Foul Ball, location: 2F
0-1: Ball
1-1: Foul Ball, location: 2F
1-2: Foul Ball, location: 2F
1-2: Foul Ball, location: 2F
1-2: Ball
2-2: Ball
3-2: Ground out 1-3 (Groundball, 15S, EV 75.0 MPH)
Bottom of the 10th over - 0 runs, 0 hits, 0 errors, 1 left on base; Bakersfield 1 - Jersey City 1
TOP OF THE 11TH
Bakersfield Nobles batting - Pitching for Jersey City Tritons : LHP Wayne Compton
Batting: LHB Bharti Mona 0-0: Called Strike
0-1: Foul Ball, location: 2F
0-2: Fly out, F8 (Line Drive, 8RM, EV 96.2 MPH)
Batting: RHB Omer Yurtseven 0-0: Foul Ball, location: 2F
0-1: Foul Ball, location: 2F
0-2: Ball
1-2: Ball
2-2: SINGLE (Line Drive, 89M, EV 99.4 MPH)
Pitching: RHP Ramiro Valdés
Batting: SHB Jason Graham 0-0: Foul Ball, location: 2F
0-1: Foul Ball, location: 2F
0-2: Ball
1-2: Foul Ball, location: 2F
1-2: Ball
2-2: Foul Ball, location: 2F
2-2: Foul Ball, location: 2F
2-2: Ball
3-2: Strikes out looking
Batting: RHB Asbel Kiprop 0-0: Ground out 5-3 (Groundball, 5S, EV 81.9 MPH)
Top of the 11th over - 0 runs, 1 hit, 0 errors, 1 left on base; Bakersfield 1 - Jersey City 1
BOTTOM OF THE 11TH
Jersey City Tritons batting - Pitching for Bakersfield Nobles : LHP Pavle Simic
Batting: RHB José García 0-0: Swinging Strike
0-1: Ball
1-1: Called Strike
1-2: Ball
2-2: Foul Ball, location: 2F
2-2: Foul Ball, location: 2F
2-2: Ball
3-2: Foul Ball, location: 2F
3-2: Base on Balls
Pitching: LHP Bing-zhong Qiu
Batting: RHB Omar Krutsinger 0-0: Sac Bunt to 23 - play at first, batter OUT! 3-4
José García to second
Batting: RHB Sun-jae Kwak 0-0: Ball
1-0: Called Strike
1-1: Ground out 1-3 (Groundball, 13S, EV 61.9 MPH)
José García to third
Batting: RHB Jaime Montés 0-0: Called Strike
0-1: Ball
1-1: Fly out, F7 (Flyball, 78D, EV 99.4 MPH)
Bottom of the 11th over - 0 runs, 0 hits, 0 errors, 1 left on base; Bakersfield 1 - Jersey City 1
TOP OF THE 12TH
Bakersfield Nobles batting - Pitching for Jersey City Tritons : RHP Ramiro Valdés
Batting: LHB Kevin de Bruyne 0-0: Ball
1-0: Called Strike
1-1: Ball
2-1: Foul Ball, location: 2F
2-2: Fly out, F4 (Line Drive, 4, EV 63.8 MPH)
Batting: RHB Ryoichi Yoshida 0-0: Ball
1-0: Foul Ball, location: 2F
1-1: Ground out 4-3 (Groundball, 4, EV 84.4 MPH)
Batting: SHB Willie McGirt 0-0: Called Strike
0-1: Ball
1-1: Ball
2-1: Swinging Strike
2-2: Strikes out looking
Top of the 12th over - 0 runs, 0 hits, 0 errors, 0 left on base; Bakersfield 1 - Jersey City 1
BOTTOM OF THE 12TH
Jersey City Tritons batting - Pitching for Bakersfield Nobles : LHP Bing-zhong Qiu
Batting: RHB Santiago Valentín 0-0: Called Strike
0-1: SINGLE (Line Drive, 9LM, EV 98.8 MPH)
Batting: LHB Bud Randall 0-0: Called Strike
0-1: Bunted foul
0-2: Ball
1-2: Strikes out looking
Batting: RHB Alfredo Valdéz 0-0: Fly out, F8 (Flyball, 8RD, EV 85.6 MPH)
Runner from 1st tags up, SAFE at 2nd
Batting: RHB Mauro Jasso 0-0: Intentional Walk
Batting: LHB Steve Whitehead 0-0: Ball
1-0: Foul Ball, location: 2F
1-1: Swinging Strike
1-2: Ball
2-2: Strikes out swinging
Bottom of the 12th over - 0 runs, 1 hit, 0 errors, 2 left on base; Bakersfield 1 - Jersey City 1
TOP OF THE 13TH
Bakersfield Nobles batting - Pitching for Jersey City Tritons : RHP Ramiro Valdés
Batting: SHB Marc Cadiou 0-0: Foul Ball, location: 2F
0-1: Fly out, F8 (Flyball, 89M, EV 88.8 MPH)
Batting: RHB Tyler Bowen 0-0: Ball
1-0: Called Strike
1-1: Foul Ball, location: 2F
1-2: Ball
2-2: Foul Ball, location: 2F
2-2: Ball
3-2: Foul Ball, location: 2F
3-2: Base on Balls
Batting: LHB Bharti Mona 0-0: Ball
Wild Pitch!
Tyler Bowen to second
1-0: Foul Ball, location: 2F
1-1: Fly out, F6 (Popup, 6M, EV 51.2 MPH)
Batting: RHB Omer Yurtseven 0-0: Called Strike
0-1: Ball
1-1: Ground out 4-3 (Groundball, 4, EV 102.5 MPH)
Top of the 13th over - 0 runs, 0 hits, 0 errors, 1 left on base; Bakersfield 1 - Jersey City 1
BOTTOM OF THE 13TH
Jersey City Tritons batting - Pitching for Bakersfield Nobles : LHP Bing-zhong Qiu
Batting: RHB José García 0-0: Ball
1-0: Ball
2-0: Foul Ball, location: 2F
2-1: Fly out, F5 (Line Drive, 5, EV 66.9 MPH)
Pitching: RHP Wilson Rangel
Batting: RHB Omar Krutsinger 0-0: Called Strike
0-1: Called Strike
0-2: Foul Ball, location: 2F
0-2: Ball
1-2: Ground out U3 (Groundball, 34S, EV 83.8 MPH)
Batting: RHB Sun-jae Kwak 0-0: Ground out 1-3 (Groundball, 23, EV 65.6 MPH)
Bottom of the 13th over - 0 runs, 0 hits, 0 errors, 0 left on base; Bakersfield 1 - Jersey City 1
TOP OF THE 14TH
Bakersfield Nobles batting - Pitching for Jersey City Tritons : RHP Ramiro Valdés
Batting: SHB Jason Graham 0-0: Ball
1-0: Ball
2-0: Foul Ball, location: 2F
2-1: Foul Ball, location: 2F
2-2: Strikes out swinging
Batting: RHB Asbel Kiprop 0-0: Foul Ball, location: 2F
0-1: Ball
1-1: Fly out, F7 (Line Drive, 7D, EV 93.8 MPH)
Batting: LHB Kevin de Bruyne 0-0: Ball
1-0: Called Strike
1-1: Ground out 4-3 (Groundball, 4, EV 94.4 MPH)
Top of the 14th over - 0 runs, 0 hits, 0 errors, 0 left on base; Bakersfield 1 - Jersey City 1
BOTTOM OF THE 14TH
Jersey City Tritons batting - Pitching for Bakersfield Nobles : RHP Wilson Rangel
Batting: RHB Jaime Montés 0-0: Ground out 4-3 (Groundball, 4, EV 106.2 MPH)
Batting: RHB Santiago Valentín 0-0: Ball
1-0: Called Strike
1-1: Called Strike
1-2: Ball
2-2: Ground out 5-3 (Groundball, 56, EV 90.6 MPH)
Batting: LHB Bud Randall 0-0: Ball
1-0: Ball
2-0: Ball
3-0: Base on Balls
Batting: RHB Alfredo Valdéz 0-0: Ball
1-0: Ball
2-0: SINGLE (Groundball, 4MD, EV 104.4 MPH)
Bud Randall to second
Runner from 2nd tries for 3rd, SAFE, no throw by CF
Batting: RHB Mauro Jasso 0-0: Ball
1-0: Foul Ball, location: 2F
1-1: Ball
2-1: Ground out 4-3 (Groundball, 4, EV 90.6 MPH)
Bottom of the 14th over - 0 runs, 1 hit, 0 errors, 2 left on base; Bakersfield 1 - Jersey City 1
TOP OF THE 15TH
Bakersfield Nobles batting - Pitching for Jersey City Tritons : RHP Ramiro Valdés
Pitching: LHP Cedric Zuercher
Batting: RHB Ryoichi Yoshida 0-0: Ground out U3 (Groundball, 3, EV 106.9 MPH)
Batting: SHB Willie McGirt 0-0: Ball
1-0: Foul Ball, location: 2F
1-1: Called Strike
1-2: Ball
2-2: Ball
3-2: Foul Ball, location: 2F
3-2: SINGLE (Groundball, 56, EV 90.6 MPH) (infield hit)
Batting: SHB Marc Cadiou 0-0: Ball
1-0: Grounds into double play, 4-6-3 (Groundball, 4, EV 84.4 MPH)
Top of the 15th over - 0 runs, 1 hit, 0 errors, 0 left on base; Bakersfield 1 - Jersey City 1
BOTTOM OF THE 15TH
Jersey City Tritons batting - Pitching for Bakersfield Nobles : RHP Wilson Rangel
Batting: LHB Steve Whitehead 0-0: Ball
1-0: Called Strike
1-1: Foul Ball, location: 2F
1-2: Ball
2-2: Foul Ball, location: 2F
2-2: Foul Ball, location: 2F
2-2: Strikes out looking
Batting: RHB José García 0-0: Ball
1-0: SINGLE (Groundball, 6S, EV 71.2 MPH) (infield hit)
Batting: RHB Omar Krutsinger 0-0: Ball
1-0: Fly out, F8 (Flyball, 89M, EV 73.8 MPH)
Batting: RHB Sun-jae Kwak 0-0: Called Strike
0-1: Ball
1-1: Ball
2-1: Fly out, F8 (Flyball, 8RD, EV 93.1 MPH)
Bottom of the 15th over - 0 runs, 1 hit, 0 errors, 1 left on base; Bakersfield 1 - Jersey City 1
TOP OF THE 16TH
Bakersfield Nobles batting - Pitching for Jersey City Tritons : LHP Cedric Zuercher
Batting: RHB Tyler Bowen 0-0: Ball
1-0: Ball
2-0: Ball
3-0: Called Strike
3-1: Base on Balls
Batting: LHB Bharti Mona 0-0: Ball
1-0: Ball
2-0: Grounds into double play, 5-4-3 (Groundball, 5L, EV 83.8 MPH)
Batting: RHB Omer Yurtseven 0-0: Called Strike
0-1: Ball
1-1: Ball
2-1: Ground out 1-3 (Groundball, 13, EV 73.1 MPH)
Top of the 16th over - 0 runs, 0 hits, 0 errors, 0 left on base; Bakersfield 1 - Jersey City 1
BOTTOM OF THE 16TH
Jersey City Tritons batting - Pitching for Bakersfield Nobles : RHP Wilson Rangel
Batting: RHB Jaime Montés 0-0: Ball
1-0: Ball
2-0: Fly out, F3 (Line Drive, 3, EV 70.6 MPH)
Batting: RHB Santiago Valentín 0-0: Ball
1-0: Foul Ball, location: 2F
1-1: Foul Ball, location: 2F
1-2: Ground out 5-3 (Groundball, 5, EV 82.5 MPH)
Batting: LHB Bud Randall 0-0: DOUBLE (Flyball, 78D, EV 100.6 MPH)
Batting: RHB Alfredo Valdéz 0-0: Called Strike
0-1: Ball
1-1: Foul Ball, location: 2F
1-2: Foul Ball, location: 2F
1-2: Strikes out swinging
Bottom of the 16th over - 0 runs, 1 hit, 0 errors, 1 left on base; Bakersfield 1 - Jersey City 1
TOP OF THE 17TH
Bakersfield Nobles batting - Pitching for Jersey City Tritons : LHP Cedric Zuercher
Batting: SHB Jason Graham 0-0: Foul Ball, location: 2F
0-1: Ground out 5-3 (Groundball, 56S, EV 80.6 MPH)
Batting: RHB Asbel Kiprop 0-0: Ball
1-0: Ball
2-0: Ball
3-0: Base on Balls
Batting: LHB Kevin de Bruyne 0-0: Called Strike
0-1: Ball
1-1: Swinging Strike
1-2: Ball
Wild Pitch!
Asbel Kiprop to second
2-2: Ball
3-2: Strikes out swinging
Batting: RHB Ryoichi Yoshida 0-0: Ball
1-0: Ball
2-0: Fly out, F9 (Flyball, 9LM, EV 87.5 MPH)
Top of the 17th over - 0 runs, 0 hits, 0 errors, 1 left on base; Bakersfield 1 - Jersey City 1
BOTTOM OF THE 17TH
Jersey City Tritons batting - Pitching for Bakersfield Nobles : RHP Wilson Rangel
Batting: RHB Mauro Jasso 0-0: Fly out, F7 (Flyball, 7LM, EV 88.1 MPH)
Batting: LHB Steve Whitehead 0-0: Called Strike
0-1: Foul Ball, location: 2F
0-2: Ball
1-2: Ground out 6-3 (Groundball, 6, EV 90.0 MPH)
Batting: RHB José García 0-0: Called Strike
0-1: Fly out, F4 (Popup, 4M, EV 63.1 MPH)
Bottom of the 17th over - 0 runs, 0 hits, 0 errors, 0 left on base; Bakersfield 1 - Jersey City 1
TOP OF THE 18TH
Bakersfield Nobles batting - Pitching for Jersey City Tritons : LHP Cedric Zuercher
Batting: SHB Willie McGirt 0-0: Called Strike
0-1: Foul Ball, location: 2F
0-2: SINGLE (Groundball, 4MD, EV 98.1 MPH)
Batting: SHB Marc Cadiou 0-0: Fly out, F4 (Popup, 3, EV 75.6 MPH)
Batting: RHB Tyler Bowen 0-0: Foul Ball, location: 2F
0-1: Foul Ball, location: 2F
0-2: Ball
1-2: SINGLE (Line Drive, 7S, EV 103.8 MPH)
Willie McGirt to second
Runner from 2nd tries for 3rd, OUT! 7-5
Batting: LHB Bharti Mona 0-0: Ball
1-0: Ball
2-0: Foul Ball, location: 2F
2-1: Foul Ball, location: 2F
2-2: Fly out, F7 (Line Drive, 7D, EV 87.5 MPH)
Top of the 18th over - 0 runs, 2 hits, 0 errors, 1 left on base; Bakersfield 1 - Jersey City 1
BOTTOM OF THE 18TH
Jersey City Tritons batting - Pitching for Bakersfield Nobles : RHP Wilson Rangel
Batting: RHB Omar Krutsinger 0-0: Fly out, F5 (Popup, 5SF, EV 81.9 MPH)
Batting: RHB Sun-jae Kwak 0-0: Ball
1-0: Called Strike
1-1: Swinging Strike
1-2: Ground out 5-3 (Groundball, 5, EV 85.0 MPH)
Batting: RHB Jaime Montés 0-0: Ball
1-0: Swinging Strike
1-1: Fly out, F8 (Line Drive, 8RM, EV 101.2 MPH)
Bottom of the 18th over - 0 runs, 0 hits, 0 errors, 0 left on base; Bakersfield 1 - Jersey City 1
TOP OF THE 19TH
Bakersfield Nobles batting - Pitching for Jersey City Tritons : LHP Cedric Zuercher
Batting: RHB Omer Yurtseven 0-0: Ball
1-0: Foul Ball, location: 2F
1-1: Foul Ball, location: 2F
1-2: Foul Ball, location: 2F
1-2: SOLO HOME RUN (Flyball, 9D, EV 103.1 MPH), Distance : 383 ft
Batting: SHB Jason Graham 0-0: Ball
1-0: Called Strike
1-1: Foul Ball, location: 2F
1-2: Foul Ball, location: 2F
1-2: Fly out, F3 (Popup, 3L, EV 75.6 MPH)
Batting: RHB Asbel Kiprop 0-0: Fly out, F8 (Flyball, 8RS, EV 91.2 MPH)
Batting: LHB Kevin de Bruyne 0-0: Ball
1-0: Ground out 5-3 (Groundball, 56, EV 104.4 MPH)
Top of the 19th over - 1 run, 1 hit, 0 errors, 0 left on base; Bakersfield 2 - Jersey City 1
BOTTOM OF THE 19TH
Jersey City Tritons batting - Pitching for Bakersfield Nobles : RHP Wilson Rangel
Batting: RHB Santiago Valentín 0-0: Ball
1-0: SOLO HOME RUN (Flyball, 7LD, EV 102.5 MPH), Distance : 351 ft
Batting: LHB Bud Randall 0-0: Ball
1-0: Ground out U3 (Groundball, 34, EV 90.0 MPH)
Batting: RHB Alfredo Valdéz 0-0: Ball
1-0: Swinging Strike
1-1: Fly out, F4 (Line Drive, 4, EV 66.9 MPH)
Pitching: LHP Ming Zhai
Batting: RHB Mauro Jasso 0-0: Ball
1-0: SINGLE (Line Drive, 9S, EV 98.8 MPH)
Batting: LHB Steve Whitehead 0-0: Ball
1-0: Ball
2-0: Ball
3-0: Called Strike
3-1: Called Strike
3-2: Foul Ball, location: 2F
3-2: Foul Ball, location: 2F
3-2: Fly out, F8 (Flyball, 8LS, EV 89.4 MPH)
Bottom of the 19th over - 1 run, 2 hits, 0 errors, 1 left on base; Bakersfield 2 - Jersey City 2
TOP OF THE 20TH
Bakersfield Nobles batting - Pitching for Jersey City Tritons : LHP Cedric Zuercher
Batting: RHB Ryoichi Yoshida 0-0: Ball
1-0: Foul Ball, location: 2F
1-1: Ground out 5-3 (Groundball, 56, EV 100.0 MPH)
Batting: SHB Willie McGirt 0-0: Foul Ball, location: 2F
0-1: Foul Ball, location: 2F
0-2: Foul Ball, location: 2F
0-2: Foul Ball, location: 2F
0-2: Foul Ball, location: 2F
0-2: Ground out 6-3 (Groundball, 6, EV 85.6 MPH)
Pitching: RHP Alfred Osuch
Batting: SHB Marc Cadiou 0-0: Ball
1-0: Ball
2-0: Called Strike
2-1: Ball
3-1: Base on Balls
Batting: RHB Tyler Bowen 0-0: Ball
1-0: Fly out, F9 (Flyball, 9, EV 93.8 MPH)
Top of the 20th over - 0 runs, 0 hits, 0 errors, 1 left on base; Bakersfield 2 - Jersey City 2
BOTTOM OF THE 20TH
Jersey City Tritons batting - Pitching for Bakersfield Nobles : LHP Ming Zhai
Batting: RHB José García 0-0: Ball
1-0: SINGLE (Line Drive, 89S, EV 108.8 MPH)
Batting: RHB Omar Krutsinger 0-0: Sac Bunt to 23 - play at first, batter OUT! 3-4
José García to second
Batting: RHB Sun-jae Kwak 0-0: Ball
José García steals 3rd base
1-0: Ball
2-0: SINGLE (Groundball, 56, EV 80.0 MPH) (infield hit)
José García scores
Tuesday, January 5th, 2021 - OOTP Baseball 20.8 Build 74